 Dungeon Crawl Stone Soup version 0.31-a0-233-g139696dc86 (webtiles) character file.

Game seed: 14959785902166159346

205 Midn8 the Magician (level 5, -1/27 HPs)
             Began as a Vine Stalker Air Elementalist on July 9, 2023.
             Slain by Blork the orc
             ... wielding a +0 trident
              (12 damage)
             ... on level 4 of the Dungeon.
             The game lasted 00:09:47 (3638 turns).

Midn8 the Magician (Vine Stalker Air Elementalist)  Turns: 3638, Time: 00:09:47

Health: -1/27      AC:  3    Str: 16    XL:     5   Next: 83%
Magic:  0/12       EV: 12    Int: 17    God:
Gold:   171        SH:  5    Dex: 15    Spells: 9/12 levels left

rFire   . . .        d - +1 dagger (heavy)
rCold   . . .        (no shield)
rNeg    . . .        a - +0 robe
rPois   .            (no helmet)
rElec   .            (no cloak)
rCorr   .            r - +0 pair of gloves
SInv    .            (no boots)
Will    .....        n - amulet of reflection
Stlth   ++           q - +6 ring of strength
HPRegen 1.04/turn    (no ring)
MPRegen 0.13/turn

%: reflection, guardian spirit
@: no status effects
A: fangs 2, regeneration 1, magic shield, antimagic bite, no potion heal 2
a: no special abilities


You were on level 4 of the Dungeon.
You visited 1 branch of the dungeon, and saw 4 of its levels.

You collected 171 gold pieces.

Inventory:

Hand Weapons
 d - a +1 heavy dagger (weapon)
Missiles
 p - 2 poisoned darts
Armour
 a - a +0 robe (worn)
 r - a +0 pair of gloves (worn)
Magical Staves
 j - a staff of fire
Jewellery
 l - an amulet of faith
 n - an amulet of reflection (around neck)
 q - a +6 ring of strength (left hand)
Scrolls
 f - a scroll of enchant weapon
 g - a scroll of poison
 i - 2 scrolls of teleportation
 m - 2 scrolls of vulnerability
 s - a scroll of brand weapon
Potions
 b - a potion of magic
 c - a potion of resistance {unknown}
 e - 2 potions of curing
 h - a potion of haste
 k - 2 potions of degeneration
 t - a potion of heal wounds {unknown}


   Skills:
 + Level 2.6 Fighting
 - Level 1.5 Dodging
 - Level 2.4 Stealth
 - Level 4.0 Spellcasting
 - Level 3.0 Conjurations
 - Level 3.0 Air Magic


You had 9 spell levels left.
You knew the following spells:

 Your Spells              Type           Power      Damage    Failure   Level
a - Shock                 Conj/Air       52%        1d6       4%          1
s - Static Discharge      Conj/Air       26%        2-4/arc   7%          2

Your spell library contained the following spells:

 Spells                   Type           Power      Damage    Failure   Level
 Foxfire                  Conj/Fire      32%        2x1d5     9%          1
 Swiftness                Air            13%        N/A       14%         3
 Beastly Appendage        Tmut           6%         N/A       16%         1
 Slow                     Hex            12%        N/A       16%         1
 Cigotuvi's Dreadful Rot  Necr/Pois/Air  12%        N/A       16%         2
 Wereblood                Tmut           3%         N/A       24%         2
 Airstrike                Air            6%         2d(1-17)  41%         4
 Confusing Touch          Hex            3%         N/A       43%         3
 Ignite Poison            Fire/Tmut/Pois 3%         N/A       43%         3
 Portal Projectile        Hex/Tloc       6%         N/A       43%         3
 Spider Form              Tmut/Pois      3%         N/A       43%         3
 Tukima's Dance           Hex            3%         N/A       43%         3
 Vampiric Draining        Necr           3%         2d6       43%         3
 Freezing Cloud           Conj/Ice/Air   5%         6-21      88%         5
 Fireball                 Conj/Fire      4%         3d4       93%         5
 Blade Hands              Tmut           1%         N/A       99%         5
 Plasma Beam              Fire/Air       4%         2x1d14    100%        6
 Starburst                Conj/Fire      4%         6d3       100%        6


Dungeon Overview and Level Annotations

Branches:
Dungeon (4/15)
 Temple: D:4-7

Altars:

Annotations:
D:3 2 runed translucent doors, bakla's ghost, amateur OpBr
D:4 Blork the orc


Innate Abilities, Weirdness & Mutations

You have extremely sharp teeth.
Your natural rate of healing is unusually fast.
When hurt, damage is shared between your health and your magic reserves.
Your bite disrupts and absorbs the magic of your enemies.
Potions cannot restore your health.


Message History

There is a stone staircase leading up here.
Casting: Shock (safe; 4% risk of failure)
Confirm with . or Enter, or press ? or * to list all spells.
Aiming: Shock (safe; 4% risk of failure)
Press: ? - help, Shift-Dir - straight line
Okay, then.
Blork the orc hits you with a +0 trident.
Casting: Shock (safe; 4% risk of failure)
Confirm with . or Enter, or press ? or * to list all spells.
Okay, then.
Blork the orc points at you and mumbles some strange words.
The puff of flame hits you!
Casting: Shock (safe; 4% risk of failure)
Confirm with . or Enter, or press ? or * to list all spells.
Aiming: Shock (safe; 4% risk of failure)
Press: ? - help, Shift-Dir - straight line The zap hits Blork the orc.
Blork the orc is lightly wounded.
The zap hits Blork the orc.
Blork the orc is moderately wounded.
Blork the orc hits you from afar with a +0 trident!
Casting: Shock (safe; 4% risk of failure)
Confirm with . or Enter, or press ? or * to list all spells.
Aiming: Shock (safe; 4% risk of failure)
Press: ? - help, Shift-Dir - straight line The zap hits Blork the orc.
Blork the orc is moderately wounded.
The zap misses Blork the orc.
Blork the orc hits you from afar with a +0 trident.
Unknown command.
Casting: Shock (safe; 4% risk of failure)
Confirm with . or Enter, or press ? or * to list all spells.
Aiming: Shock (safe; 4% risk of failure)
Press: ? - help, Shift-Dir - straight line The zap hits Blork the orc.
Blork the orc is heavily wounded.
The zap hits Blork the orc.
Blork the orc is heavily wounded.
Blork the orc hits you from afar with a +0 trident!
You die...

#######.# ##.####
#.##########...###
#............#....
#..#########...###
#.................
#..##########.####
#<.##########.#
####............(#
#.o.@.........####
#.###..######.# #
#.#
#..######.#######
#.#
#................
#..
....#####.#.#####
#o......#####.#.#
#
................#
#
#.<....######.#.#
#
#......######.#.#
#


You could see Blork the orc (empowered).

Vanquished Creatures
  A howler monkey (D:4)
  Jessica (D:3)
  3 gnolls (D:3)
  2 adders
  2 worms
  A dart slug (D:2)
  9 orcs
  4 ball pythons
  6 endoplasms
  2 giant cockroaches
  3 goblins
  12 hobgoblins
  2 jackals (D:3)
  4 quokkas
  4 bats
  6 frilled lizards
  7 kobolds
  3 rats
72 creatures vanquished.

Notes
Turn   | Place    | Note
-------+----------+-------------------------------------------
     0 | D:1      | Midn8 the Vine Stalker Air Elementalist began the quest for
                  | the Orb.
     0 | D:1      | Reached XP level 1. HP: 9/9 MP: 4/4
   232 | D:1      | Reached XP level 2. HP: 13/13 MP: 4/6
   330 | D:1      | Reached skill level 3 in Spellcasting
  1099 | D:2      | Reached XP level 3. HP: 16/16 MP: 5/9
  1409 | D:2      | Learned a level 2 spell: Static Discharge
  1569 | D:2      | Reached skill level 4 in Spellcasting
  2285 | D:3      | Gained mutation: Your natural rate of healing is unusually
                  | fast. [Vine Stalker growth]
  2285 | D:3      | Reached XP level 4. HP: 21/21 MP: 8/11
  2593 | D:3      | Found a large runed translucent door.
  2594 | D:3      | Found a large runed translucent door.
  2597 | D:3      | Noticed bakla's ghost (amateur OpBr)
  2639 | D:3      | Noticed Jessica
  2644 | D:3      | Killed Jessica
  2800 | D:3      | Reached XP level 5. HP: 25/25 MP: 5/12
  2823 | D:3      | Reached skill level 1 in Fighting
  3583 | D:4      | Noticed Blork the orc
  3638 | D:4      | Slain by Blork the orc

Illustrated notes

Levels and vault maps discovered:
D:1:      kennysheep_arrival_seaside, layout_basic,
          corexii_item_surrounded_by_moat, minmay_heptomino_h4
D:2:      layout_basic, fountainhead, minmay_crystal_water, solitary_fountain,
          feat_on_display
D:3:      layout_basic, ebering_ghost_disaster_area, uniq_jessica
D:4:      layout_loops_ring, lemuel_round_altar, wad_orctagon,
          uniq_blork_the_orc

Skill      XL: |  1  2  3  4  5 |
---------------+----------------+-----
Spellcasting   | 3 4 |  4.0
Conjurations   | 3 |  3.0
Fighting       | 2 |  2.6
Dodging        | |  1.5
Stealth        | |  2.4
Air Magic      | |  3.0

Action                     |  1- 3 |  4- 6 || total
---------------------------+-------+-------++-------
  Melee: Unarmed           |     2 |       ||     2
         Bite              |     8 |     1 ||     9
         Dagger            |    33 |    12 ||    45
         Punch             |       |     1 ||     1
   Cast: Shock             |    78 |    66 ||   144
         Static Discharge  |       |     1 ||     1
    Use: Scroll            |       |     9 ||     9
 Armour: Robe              |     4 |     2 ||     6
  Dodge: Dodged            |    19 |     8 ||    27
  Block: Other             |       |     5 ||     5

Table legend: (Time is in decaauts)
 A = Elapsed time spent in this place.
 B = Non-inter-level travel time spent in this place.
 C = Inter-level travel time spent in this place.
 D = Time resting spent in this place.
 E = Time spent auto-exploring this place.
 F = Levels seen in this place.
 G = Mean time per level.
                   A        B        C        D        E       F      G
               +--------+--------+--------+--------+--------+-----+--------+
         Total |   3642 |   3591 |     51 |   1263 |   1771 |   4 |  910.5 |
       Dungeon |   3642 |   3591 |     51 |   1263 |   1771 |   4 |  910.5 |
               +--------+--------+--------+--------+--------+-----+--------+

Top non-repeatable levels by time:
     D:2: 1097 daAuts
     D:3: 1080 daAuts
     D:1: 922 daAuts
     D:4: 542 daAuts
